 Dungeon Crawl Stone Soup version 0.30-a0-743-gbfdf073431 (webtiles) character file.

Game seed: 8897243339066277931

286 jimonade the Ducker (level 6, 0/51 HPs)
             Began as a Gnoll Gladiator on Feb 6, 2023.
             Slain by an iguana (7 damage)
             ... on level 5 of the Dungeon.
             The game lasted 00:04:29 (3373 turns).

jimonade the Ducker (Gnoll Gladiator)               Turns: 3373, Time: 00:04:29

Health: 0/51       AC:  6    Str: 13    XL:     6   Next: 30%
Magic:  9/9        EV: 13    Int: 10    God:
Gold:   264        SH:  0    Dex: 13    Spells: 9/9 levels left

rFire   . . .      SeeInvis .    a - +0 rapier
rCold   . . .      Faith    .    (no shield)
rNeg    . . .      Spirit   .    l - +0 ring mail
rPois   .          Reflect  .    c - +0 helmet
rElec   .          Harm     .    (no cloak)
rCorr   .          Rampage  .    (no gloves)
Will    .....                    (no boots)
Stlth   +                        (no amulet)
HPRegen 0.28/turn                (no ring)
MPRegen 0.11/turn                (no ring)

@: no status effects
A: fangs 1, strong nose, distributed training
a: no special abilities


You were on level 5 of the Dungeon.
You visited 2 branches of the dungeon, and saw 6 of its levels.

You collected 264 gold pieces.

Inventory:

Hand Weapons
 a - a +0 rapier (weapon)
Missiles
 d - 3 throwing nets (quivered)
 e - a javelin
 k - 4 boomerangs
 r - 6 datura-tipped darts
Armour
 b - a +0 leather armour
 c - a +0 helmet (worn)
 l - a +0 ring mail (worn)
Jewellery
 x - an amulet of regeneration
Wands
 u - a wand of digging (7)
 z - a wand of charming (11)
Scrolls
 f - 3 scrolls of identify {unknown}
 g - a scroll of enchant armour {unknown}
 i - 2 scrolls of fog {unknown}
 j - 3 scrolls of noise {unknown}
 m - 4 scrolls of teleportation {unknown}
 o - 2 scrolls of amnesia {unknown}
 q - a scroll of vulnerability {unknown}
 t - 2 scrolls of blinking {unknown}
 v - 3 scrolls of acquirement {unknown}
 w - 2 scrolls of fear {unknown}
 y - a scroll of poison {unknown}
Potions
 h - 2 potions of curing {unknown}
 n - a potion of heal wounds {unknown}
 p - a potion of magic {unknown}
 s - a potion of mutation {unknown}


   Skills:
 + Level 5.0 Fighting
 + Level 6.8 Short Blades
 + Level 2.0 Long Blades
 + Level 2.0 Axes
 + Level 2.0 Maces & Flails
 + Level 2.0 Polearms
 + Level 2.0 Staves
 + Level 2.0 Ranged Weapons
 + Level 5.0 Throwing
 + Level 2.0 Armour
 + Level 6.8 Dodging
 + Level 2.0 Stealth
 + Level 2.0 Shields
 + Level 2.0 Unarmed Combat
 + Level 2.0 Spellcasting
 + Level 1.5 Conjurations
 + Level 1.5 Hexes
 + Level 1.5 Summonings
 + Level 1.5 Necromancy
 + Level 1.5 Translocations
 + Level 1.5 Transmutations
 + Level 1.5 Fire Magic
 + Level 1.5 Ice Magic
 + Level 1.5 Air Magic
 + Level 1.5 Earth Magic
 + Level 1.5 Poison Magic
 + Level 2.2 Invocations
 + Level 2.0 Evocations


You had 9 spell levels left.
You didn't know any spells.
Your spell library contained the following spells:

 Spells                   Type           Power      Damage    Failure   Level
 Ozocubu's Armour         Ice            4%         N/A       71%         3
 Metabolic Englaciation   Hex/Ice        2%         N/A       100%        5
 Simulacrum               Ice/Necr       2%         N/A       100%        6


Dungeon Overview and Level Annotations

Branches:
Dungeon (5/15)             Temple (1/1) D:4

Altars:
Dithmenos
Elyvilon
Fedhas
Hepliaklqana
Kikubaaqudgha
Makhleb
Nemelex Xobeh
Qazlal
Ru
Sif Muna
Trog
Uskayaw
Vehumet
Xom
Yredelemnul
Zin
The Shining One


Innate Abilities, Weirdness & Mutations

You have very sharp teeth.
Your uncanny sense of smell can sniff out nearby items.
Your experience applies equally to all skills.


Message History

You hit the iguana but do no damage.
The iguana is moderately wounded.
The iguana bites you!
You hit the iguana but do no damage.
The iguana is moderately wounded.
The iguana barely misses you.
You hit the iguana but do no damage. Your bite misses the iguana.
The iguana is moderately wounded.
The iguana bites you.
You hit the iguana but do no damage.
The iguana is moderately wounded.
You hit the iguana.
The iguana is moderately wounded.
The iguana bites you!
You barely miss the iguana.
The iguana is moderately wounded.
The iguana bites you!
You completely miss the iguana.
The iguana is moderately wounded.
The iguana bites you but does no damage.
You hit the iguana but do no damage.
The iguana is moderately wounded.
The iguana misses you.
You barely miss the iguana.
The iguana is moderately wounded.
You hit the iguana but do no damage.
The iguana is moderately wounded.
The iguana bites you but does no damage.
You hit the iguana.
The iguana is heavily wounded.
The iguana bites you.
* * * LOW HITPOINT WARNING * * *
You hit the iguana.
The iguana is severely wounded.
The iguana bites you!
* * * LOW HITPOINT WARNING * * *
You barely miss the iguana.
The iguana is severely wounded.
The iguana bites you!
You die...

$.... #. .# # .....
..#.###.#
......#.....#.###
...... .........#
......##......#.####
#...................
#.....l...#..##....#.
#..##@...#........$...
#............#.......
######.)..#....##....
###.##............
..........####.....
###..#.##..........
#......##...#.....
...##..............
.## #####....##....


You could see an iguana.

Vanquished Creatures
  A black bear (D:4)
  2 hounds (D:4)
  2 iguanas
  An adder (D:4)
  A worm (D:3)
  3 dart slugs
  An orc (D:4)
  3 bats
  10 endoplasms
  4 giant cockroaches
  4 goblins
  9 hobgoblins
  3 quokkas
  10 ball pythons
  3 frilled lizards
  A kobold (D:2)
  5 rats
63 creatures vanquished.

Notes
Turn   | Place    | Note
-------+----------+-------------------------------------------
     0 | D:1      | jimonade the Gnoll Gladiator began the quest for the Orb.
     0 | D:1      | Reached XP level 1. HP: 20/20 MP: 1/1
   144 | D:1      | Reached XP level 2. HP: 26/26 MP: 2/2
   848 | D:2      | Found a faded altar of an unknown god.
   856 | D:2      | Reached XP level 3. HP: 27/31 MP: 3/3
   885 | D:2      | Found a shimmering altar of Xom.
  1068 | D:2      | Reached skill level 1 in Invocations
  1721 | D:3      | Reached skill level 1 in Long Blades
  1721 | D:3      | Reached skill level 1 in Axes
  1721 | D:3      | Reached skill level 1 in Maces & Flails
  1721 | D:3      | Reached skill level 1 in Polearms
  1721 | D:3      | Reached skill level 1 in Staves
  1721 | D:3      | Reached skill level 1 in Ranged Weapons
  1721 | D:3      | Reached skill level 1 in Armour
  1721 | D:3      | Reached skill level 1 in Stealth
  1721 | D:3      | Reached skill level 1 in Shields
  1721 | D:3      | Reached skill level 1 in Unarmed Combat
  1721 | D:3      | Reached skill level 1 in Spellcasting
  1721 | D:3      | Reached skill level 1 in Evocations
  2027 | D:3      | Found a burning altar of Makhleb.
  2112 | D:3      | Reached XP level 4. HP: 38/38 MP: 5/5
  2114 | D:3      | Found a glowing golden altar of the Shining One.
  2288 | D:3      | Found a hazy altar of Hepliaklqana.
  2454 | D:4      | Found a staircase to the Ecumenical Temple.
  2493 | D:4      | Reached skill level 1 in Conjurations
  2493 | D:4      | Reached skill level 1 in Hexes
  2493 | D:4      | Reached skill level 1 in Summonings
  2493 | D:4      | Reached skill level 1 in Necromancy
  2493 | D:4      | Reached skill level 1 in Translocations
  2493 | D:4      | Reached skill level 1 in Transmutations
  2493 | D:4      | Reached skill level 1 in Fire Magic
  2493 | D:4      | Reached skill level 1 in Ice Magic
  2493 | D:4      | Reached skill level 1 in Air Magic
  2493 | D:4      | Reached skill level 1 in Earth Magic
  2493 | D:4      | Reached skill level 1 in Poison Magic
  2507 | D:4      | Reached XP level 5. HP: 25/43 MP: 5/7
  2536 | Temple   | Entered the Ecumenical Temple
  2812 | D:4      | Noticed a black bear
  2836 | D:4      | Killed a black bear
  2837 | D:4      | Reached XP level 6. HP: 25/50 MP: 8/8
  3002 | D:4      | Reached skill level 5 in Fighting
  3002 | D:4      | Reached skill level 5 in Throwing
  3081 | D:4      | Found a shimmering blue altar of Sif Muna.
  3321 | D:5      | Entered Level 5 of the Dungeon
  3373 | D:5      | Slain by an iguana

Illustrated notes

Levels and vault maps discovered:
D:1:      dpeg_arrival_long_road, layout_loops_ring
D:2:      layout_loops_ring, basic_altar, chequers_ecumenical_altar_simple_redux
D:3:      layout_loops_ring, nicolae_overflow_hidden_temple,
          lemuel_coloured_pillars_altar, nicolae_tso_swordbearing_angel
D:4:      layout_rooms, mainiacjoe_overflow_chevrons,
          minmay_temple_entry_gardened_gates, nicolae_figureground_pulse
D:5:      layout_rooms, mainiacjoe_overflow_small_starburst, serial_shops, shop,
          chequers_jeans, uniq_eustachio
Temple:   nicolae_temple_bog_church

Skill      XL: |  1  2  3  4  5  6 |
---------------+-------------------+-----
Invocations    | 1 2 |  2.2
Long Blades    | 1 2 |  2.0
Axes           | 1 2 |  2.0
Maces & Flails | 1 2 |  2.0
Polearms       | 1 2 |  2.0
Staves         | 1 2 |  2.0
Ranged Weapons | 1 2 |  2.0
Armour         | 1 2 |  2.0
Stealth        | 1 2 |  2.0
Shields        | 1 2 |  2.0
Unarmed Combat | 1 2 |  2.0
Spellcasting   | 1 2 |  2.0
Evocations     | 1 2 |  2.0
Conjurations   | 1 |  1.5
Hexes          | 1 |  1.5
Summonings     | 1 |  1.5
Necromancy     | 1 |  1.5
Translocations | 1 |  1.5
Transmutations | 1 |  1.5
Fire Magic     | 1 |  1.5
Ice Magic      | 1 |  1.5
Air Magic      | 1 |  1.5
Earth Magic    | 1 |  1.5
Poison Magic   | 1 |  1.5
Fighting       | 5 |  5.0
Throwing       | 5 |  5.0
Short Blades   | |  6.8
Dodging        | |  6.8

Action                     |  1- 3 |  4- 6 || total
---------------------------+-------+-------++-------
  Melee: Rapier            |   150 |   121 ||   271
         Bite              |     8 |     9 ||    17
         Punch             |     1 |     3 ||     4
 Armour: Leather armour    |    13 |       ||    13
         Ring mail         |    21 |    45 ||    66
  Dodge: Dodged            |    70 |    82 ||   152

Table legend: (Time is in decaauts)
 A = Elapsed time spent in this place.
 B = Non-inter-level travel time spent in this place.
 C = Inter-level travel time spent in this place.
 D = Time resting spent in this place.
 E = Time spent auto-exploring this place.
 F = Levels seen in this place.
 G = Mean time per level.
                   A        B        C        D        E       F      G
               +--------+--------+--------+--------+--------+-----+--------+
         Total |   3348 |   3179 |    169 |      0 |   2610 |   6 |  558.0 |
       Dungeon |   3103 |   2939 |    164 |      0 |   2400 |   5 |  620.6 |
        Temple |    245 |    240 |      5 |      0 |    210 |   1 |  245.0 |
               +--------+--------+--------+--------+--------+-----+--------+

Top non-repeatable levels by time:
     D:3: 869 daAuts
     D:1: 840 daAuts
     D:2: 684 daAuts
     D:4: 660 daAuts
  Temple: 245 daAuts
     D:5: 48 daAuts
